 Dungeon Crawl Stone Soup version 0.28-a0-687-gb91baff9cc (webtiles) character file.

Game seed: 10270283189542506381

31 spiderkeys the Skirmisher (level 3, 0/20 HPs)
             Began as a Vine Stalker Abyssal Knight on Oct 20, 2021.
             Was a Follower of Lugonu.
             Slain by a worldbinder (3 damage)
             ... on level 1 of the Abyss.
             The game lasted 00:00:32 (111 turns).

spiderkeys the Skirmisher (VSAK)                     Turns: 111, Time: 00:00:33

Health: 0/20       AC:  3    Str: 15    XL:     3   Next: 22%
Magic:  0/5        EV: 11    Int: 10    God:    Lugonu [*.....]
Gold:   0          SH:  0    Dex: 15    Spells: 2/2 levels left

rFire   . . .      SeeInvis .   a - +1 short sword
rCold   . . .      Faith    .   (no shield)
rNeg    . . .      Spirit   +   c - +0 leather armour {rPois}
rPois   +          Reflect  .   (no helmet)
rElec   .          Harm     .   (no cloak)
rCorr   .          Rampage  .   (no gloves)
Will    .....                   (no boots)
Stlth   +.........              (no amulet)
HPRegen 0.06/turn               (no ring)
MPRegen 0.09/turn               (no ring)

@: no status effects
A: fangs 2, magic shield, antimagic bite, no potion heal 2
a: Renounce Religion, Depart the Abyss


You were on level 1 of the Abyss.
You worshipped Lugonu.
Lugonu was aware of your devotion.
You visited 0 branches of the dungeon, and saw 0 of its levels.
You visited the Abyss 1 time.


Innate Abilities, Weirdness & Mutations

You have extremely sharp teeth.
When hurt, damage is shared between your health and your magic reserves.
Your bite disrupts and absorbs the magic of your enemies.
Potions cannot restore your health.


   Skills:
 + Level 3.0 Fighting
 + Level 2.1 Short Blades
 - Level 1.9 Armour
 + Level 1.2 Dodging
 + Level 2.2 Invocations


You had 2 spell levels left.
You didn't know any spells.
Your spell library was empty.

Inventory:

Hand Weapons
 a - a +1 short sword (weapon)
Armour
 b - a +0 leather armour
 c - a +0 leather armour of poison resistance (worn)
   (You found it on level 1 of the Abyss)
Potions
 d - a potion of flight {unknown}

Dungeon Overview and Level Annotations

Branches:
Dungeon (0/15)

Altars:

.### #.#.## ...#.
#...# ....#
##...###..
##......... . .
+#..@...$.# .#.
##..x..###..# .)#
#.....##
..######.p..##
####.#..##....#+
.... #..#.ยง.##
###. ##..ยง...#
#....#โˆฉ..#...##
#.....#.##....#


You could see a necromancer (summoned) and a worldbinder.


Message History

Your library has no spells.
Unknown command.
You start removing your armour.
You continue taking off your +0 leather armour. x4
You finish taking off your +0 leather armour.
You start putting on your armour.
You continue putting on your +0 leather armour of poison resistance. x5
You finish putting on your +0 leather armour of poison resistance.
You feel resistant to poison.
d - a smoky grey potion Unknown command.
A necromancer comes into view. It is wielding a +0 dagger.
Unknown command.
Found a corrupted altar of Lugonu.
As you open the door, it creaks loudly!
There is an open door here.
You open the door.
There is an open door here.
The quasit gives a chilling moan.
You hit the quasit but do no damage. Your bite misses the quasit.
The quasit completely misses you. The quasit misses you.
The quasit barely misses you.
You hit the quasit. The quasit bites you.
The quasit claws you but does no damage. x2
The quasit completely misses you.
The quasit closely misses you. x2 ๐Ÿ˜• HP[-1]
You take 1 damage, and now have 10/11 hp.
You barely miss the quasit. Your bite misses the quasit.
The quasit bites you but does no damage.
The quasit claws you but does no damage. x2
You hit the quasit. Your bite misses the quasit. The quasit bites you.
The quasit claws you but does no damage.
The quasit completely misses you. The quasit closely misses you.
The quasit misses you.
The quasit claws you but does no damage. ๐Ÿ˜ฎ HP[-2] MP[-1]
You take 2 damage, and now have 8/11 hp.
You lost 1 mp, and now have 2/3 mp.
You miss the quasit.
The quasit bites you but does no damage.
The quasit claws you but does no damage. x2
You miss the quasit. You bite the quasit, but do no damage.
The quasit bites you.
The quasit claws you but does no damage.
The quasit barely misses you. ๐Ÿ˜ฎ HP[-1]
You take 1 damage, and now have 7/11 hp.
You hit the quasit. You bite the quasit, but do no damage.
The quasit closely misses you.
The quasit claws you but does no damage.
The quasit claws you.
* * * LOW HITPOINT WARNING * * *
You feel clumsy.
The quasit bites you but does no damage.
The quasit closely misses you.
The quasit claws you but does no damage. ๐Ÿ˜จ HP[-2]
You take 2 damage, and now have 5/11 hp.
You closely miss the quasit. You bite the quasit.
You kill the quasit!
You feel your dexterity returning.
Your Fighting skill increases to level 3!
Your Short Blades skill increases to level 2!
Your Dodging skill increases to level 1!
Your Invocations skill increases to level 2!
You have reached level 2!
You have reached level 3!
Your experience leads to an increase in your attributes!
Increase (S)trength, (I)ntelligence, or (D)exterity?
You feel agile. ๐Ÿ˜จ HP[+5]
You now have 20 max hp (+9).
You regained 5 hp, and now have 10/20 hp.
The substance of the Abyss twists violently, and a gateway leading out appears!
There is a gateway leading out of the Abyss here.
A worldbinder comes into view.
The worldbinder misses you.
The worldbinder barely misses you. ๐Ÿ˜ฎ HP[+1]
The worldbinder calls forth creatures from the Crypt!
There is a gateway leading out of the Abyss here.
The worldbinder calls forth creatures from the Crypt!
The necromancer shouts!
There is an open door here. ๐Ÿ˜ฎ MP[+1]
The worldbinder hits you.
* * * LOW HITPOINT WARNING * * *
The worldbinder hits you. ๐Ÿ˜จ HP[-4] MP[-2]
You take 4 damage, and now have 7/20 hp.
You lost 2 mp, and now have 1/5 mp.
The worldbinder hits you.
* * * LOW HITPOINT WARNING * * *
The worldbinder closely misses you. ๐Ÿ˜ฑ HP[-3]
You take 3 damage, and now have 4/20 hp.
The necromancer disappears in a puff of smoke! x2
The worldbinder hits you.
* * * LOW HITPOINT WARNING * * *
The worldbinder hits you.
You die...

Skill      XL: |  1 |
---------------+----+-----
Fighting       | 3 |  3.0
Short Blades   | 2 |  2.1
Dodging        | 1 |  1.2
Invocations    | 2 |  2.2
Armour         | |  1.9

Action                   || total
-------------------------++-------
Melee: Short sword       ||     8
       Bite              ||     3
Armor: Leather armour    ||    14
Dodge: Dodged            ||    15

Levels and vault maps discovered:
Abyss:1:  base: Temple, base: Temple, minivault_11

Notes
Turn   | Place    | Note
-------+----------+-------------------------------------------
     0 | Abyss:1  | spiderkeys the Vine Stalker Abyssal Knight began the quest
                  | for the Orb.
     0 | Abyss:1  | Reached XP level 1. HP: 11/11 MP: 3/3
     0 | Abyss:1  | magus.rc [v1.9.10]
     0 | Abyss:1  | Found a corrupted altar of Lugonu.
    54 | Abyss:1  | Noticed a necromancer
    63 | Abyss:1  | Found a corrupted altar of Lugonu.
    85 | Abyss:1  | Noticed a quasit
    97 | Abyss:1  | Killed a quasit
    98 | Abyss:1  | Reached skill level 3 in Fighting
    98 | Abyss:1  | Reached skill level 2 in Short Blades
    98 | Abyss:1  | Reached skill level 1 in Dodging
    98 | Abyss:1  | Reached skill level 2 in Invocations
    98 | Abyss:1  | Reached XP level 2. HP: 8/16 MP: 2/4
    98 | Abyss:1  | Reached XP level 3. HP: 10/20 MP: 2/5
    99 | Abyss:1  | Noticed a worldbinder
   102 | Abyss:1  | Noticed a necromancer
   105 | Abyss:1  | Noticed a necromancer
   105 | Abyss:1  | Noticed a necromancer
   109 | Abyss:1  | HP: 4/20 [worldbinder (3)]
   111 | Abyss:1  | Slain by a worldbinder

Vanquished Creatures
  A quasit (Abyss:1)
1 creature vanquished.

Table legend:
 A = Non-vault XP
 B = Vault XP
 C = Vault XP percentage of total XP
 D = Non-vault monster count
 E = Vault monster count
 F = Vault count percentage of total count
                 A         B        C        D         E       F
            +---------+---------+-------+---------+---------+-------
      Total |      45 |       0 |   0.0 |       1 |       0 |   0.0
            +---------+---------+-------+---------+---------+-------
    Abyss:1 |      45 |       0 |   0.0 |       1 |       0 |   0.0
            +---------+---------+-------+---------+---------+-------

Illustrated notes

Table legend:
 A = Kills in this place as a percentage of kills in entire the game.
 B = Kills by you in this place as a percentage of kills by you in the entire game.
 C = Kills by friends in this place as a percentage of kills by friends in the entire game.
 D = Other kills in this place as a percentage of other kills in the entire game.
 E = Experience gained in this place as a percentage of experience gained in the entire game.
 F = Experience gained in this place divided by the number of levels of this place that you have seen.
                   A       B       C       D       E      F
               +-------+-------+-------+-------+-------+----------------------
         Total | 100.0 | 100.0 |   N/A |   N/A | 100.0 |  45.0
         Abyss | 100.0 | 100.0 |   N/A |   N/A | 100.0 |  45.0
               +-------+-------+-------+-------+-------+----------------------

Table legend: (Time is in decaauts)
 A = Elapsed time spent in this place.
 B = Non-inter-level travel time spent in this place.
 C = Inter-level travel time spent in this place.
 D = Time resting spent in this place.
 E = Time spent auto-exploring this place.
 F = Levels seen in this place.
 G = Mean time per level.
                   A        B        C        D        E       F      G
               +--------+--------+--------+--------+--------+-----+--------+
         Total |    111 |    111 |      0 |      0 |     40 |   1 |  111.0 |
         Abyss |    111 |    111 |      0 |      0 |     40 |   1 |  111.0 |
               +--------+--------+--------+--------+--------+-----+--------+

Top non-repeatable levels by time:
 Abyss:1: 111 daAuts
